 Dungeon Crawl Stone Soup version 0.30-a0-218-gedb9141078 (webtiles) character file.

Game seed: 5046178311786787512

431 LnG the Sneak (level 7, -1/57 HPs)
             Began as a Kobold Summoner on Oct 5, 2022.
             Slain by a gnoll
             ... wielding a +0 flail
              (2 damage)
             ... on level 4 of the Dungeon.
             The game lasted 00:10:23 (3627 turns).

LnG the Sneak (Kobold Summoner)                     Turns: 3627, Time: 00:10:24

Health: -1/57      AC: 23    Str:  4 (5)  XL:     7   Next: 20%
Magic:  2/12       EV:  3    Int: 17 (18) God:
Gold:   119        SH:  0    Dex: 15 (16) Spells: 4/13 levels left

rFire   . . .      SeeInvis +    f - +0 dagger
rCold   . . .      Faith    .    (no shield)
rNeg    . . .      Spirit   .    (body armour currently unavailable)
rPois   +          Reflect  .    (helmet currently unavailable)
rElec   .          Harm     .    (cloak currently unavailable)
rCorr   .          Rampage  .    (gloves currently unavailable)
Will    .....      NoTele   +    (boots currently unavailable)
Stlth   ++++......               (no amulet)
HPRegen 0.29/turn                i - ring of wizardry
MPRegen 0.13/turn                h - ring of see invisible

@: mighty, tree-form
A: stationary, stasis, torment immunity, boosted hp, small, no large weapons,
nightstalker 3
a: no special abilities


You were on level 4 of the Dungeon.
You were a tree.
You visited 1 branch of the dungeon, and saw 4 of its levels.

You collected 119 gold pieces.

Inventory:

Hand Weapons
 f - a +0 dagger (weapon)
Armour
 a - a +0 robe (melded)
 c - a +0 cloak (melded)
Jewellery
 h - a ring of see invisible (right branch)
 i - a ring of wizardry (left branch)
 s - a ring of fire
Scrolls
 e - a scroll of immolation
 k - a scroll of teleportation
 l - a scroll of enchant weapon {unknown}
 m - a scroll of fog {unknown}
 o - a scroll of enchant armour {unknown}
 p - 2 scrolls of magic mapping {unknown}
 q - 2 scrolls of amnesia {unknown}
 r - a scroll of fear {unknown}
Potions
 b - a potion of magic


   Skills:
 + Level 1.5 Fighting
 + Level 3.0 Short Blades
 + Level 3.8 Dodging
 * Level 5.8 Stealth
 + Level 3.5 Spellcasting
 + Level 5.2 Summonings


You had 4 spell levels left.
You knew the following spells:

 Your Spells              Type           Power      Damage    Failure   Level
a - Summon Small Mammal   Summ           80%        N/A       1%          1
b - Call Imp              Summ           20%        N/A       1%          2
c - Call Canine Familiar  Summ           20%        N/A       2%          3
d - Summon Guardian Gole  Hex/Summ       11%        N/A       7%          3

Your spell library contained the following spells:

 Spells                   Type           Power      Damage    Failure   Level
 Summon Lightning Spire   Summ/Air       11%        N/A       22%         4


Dungeon Overview and Level Annotations

Branches:
Dungeon (4/15)
 Temple: D:4-7

Altars:

Shops:
D:2 ?


Innate Abilities, Weirdness & Mutations

You are a tree.
Your roots penetrate the ground, keeping you stationary.
You cannot be teleported.
You are immune to unholy pain and torment.
Your maximum health is greatly increased.
Your equipment is partially melded.
You are small and have problems with some larger weapons.
You are completely attuned to the shadows.


Message History

* * * LOW HITPOINT WARNING * * *
Your hound bites the gnoll.
The gnoll dies!
Your crimson imp blinks!
You barely miss the gnoll.
You feel sick.
You are no longer poisoned.
The gnoll hits you but does no damage. The gnoll hits you with a +0 flail.
* * * LOW HITPOINT WARNING * * *
Your crimson imp blinks!
You completely miss the gnoll. The gnoll hits you with a +0 flail.
* * * LOW HITPOINT WARNING * * *
The gnoll hits you but does no damage.
Your crimson imp blinks!
Your hound closely misses the gnoll.
You barely miss the gnoll.
The gnoll hits you from afar with a +0 spear.
* * * LOW HITPOINT WARNING * * *
The gnoll hits you but does no damage.
Your hound bites the gnoll.
You hit the gnoll.
The gnoll is moderately wounded.
Your hound closely misses the gnoll.
The gnoll hits you but does no damage. The gnoll closely misses your hound.
You hit the gnoll.
The gnoll is moderately wounded.
Your hound bites the gnoll.
You hit the gnoll.
The gnoll is heavily wounded.
Your hound closely misses the gnoll.
The gnoll hits you but does no damage.
The gnoll hits your hound with a +0 spear.
It was a potion of might.
You feel very mighty all of a sudden.
Your hound bites the gnoll but does no damage.
The gnoll closely misses your hound. The gnoll hits you with a +0 flail.
* * * LOW HITPOINT WARNING * * *
Your hound bites the gnoll.
The gnoll dies!
You hit the gnoll.
The gnoll is heavily wounded.
Your hound barely misses the gnoll.
The gnoll hits you with a +0 flail.
You die...

#.##########.# #.# #.#
#.# #.# . #.# #.#
..##.######## #.#
.g...>..J...###.#
.g##..#####.....#####
. ##../.............##
.....)h♣...####...#..#
(.....g)...#
#.#..#.###
##....5)...#
#.##...... #.........#
#.###..##. .........#
#. ##.... .........
####. ## # ###


You could see a gnoll (ally target), a friendly hound (summoned) and a friendly
crimson imp (summoned).

Vanquished Creatures
  An orc priest (D:3)
  A hound (D:4)
  A gnoll (D:3)
  An adder (D:2)
  A worm (D:3)
  3 dart slugs
  2 orcs (D:3)
  4 endoplasms
  5 giant cockroaches
  6 goblins
  3 hobgoblins
  3 kobolds
  6 quokkas
  3 ball pythons
  6 bats
  4 frilled lizards
  7 rats
57 creatures vanquished.

Vanquished Creatures (collateral kills)
  A scorpion (D:4)
  A nameless horror (D:3)
  3 adders (D:2)
  6 gnolls
  2 worms
  10 orcs
  A ball python (D:1)
  5 endoplasms
  2 goblins (D:1)
  2 hobgoblins
  A quokka (D:1)
  A bat (D:1)
  A frilled lizard (D:1)
  A rat (D:1)
37 creatures vanquished.

Vanquished Creatures (others)
  A black bear (D:4)
  An endoplasm (D:4)
2 creatures vanquished.

Grand Total: 96 creatures vanquished

Notes
Turn   | Place    | Note
-------+----------+-------------------------------------------
     0 | D:1      | LnG the Kobold Summoner began the quest for the Orb.
     0 | D:1      | Reached XP level 1. HP: 10/10 MP: 3/3
   150 | D:1      | Reached XP level 2. HP: 15/15 MP: 3/5
   153 | D:1      | Learned a level 2 spell: Call Imp
   170 | D:1      | Found a faded altar of an unknown god.
   739 | D:1      | Reached XP level 3. HP: 19/19 MP: 6/6
   743 | D:1      | Learned a level 3 spell: Call Canine Familiar
  1034 | D:2      | Found Qenke's Magic Scroll Emporium.
  1058 | D:2      | Reached skill level 1 in Short Blades
  1244 | D:2      | Reached XP level 4. HP: 8/24 MP: 4/7
  1250 | D:2      | HP: 1/24 [poisoned by an adder]
  2004 | D:3      | Reached XP level 5. HP: 17/28 MP: 1/8
  2163 | D:3      | Noticed a nameless horror
  2185 | D:3      | Killed a nameless horror
  2426 | D:3      | HP: 1/28 [gnoll/+0 flail (8)]
  3117 | D:3      | Reached skill level 1 in Fighting
  3117 | D:3      | Reached skill level 5 in Stealth
  3117 | D:3      | Reached XP level 6. HP: 32/34 MP: 6/10
  3169 | D:3      | Learned a level 3 spell: Summon Guardian Golem
  3468 | D:4      | Reached skill level 5 in Summonings
  3487 | D:4      | Noticed a black bear
  3511 | D:4      | Killed a black bear
  3611 | D:4      | Reached XP level 7. HP: 12/38 MP: 6/12
  3622 | D:4      | HP: 1/57 [gnoll/+0 spear (2)]
  3627 | D:4      | Slain by a gnoll

Illustrated notes

Levels and vault maps discovered:
D:1:      giann_forest_graveyard, layout_basic,
          hellmonk_ecumenical_altar_run_dry, minmay_tromino_mix6
D:2:      minmay_diamond_boxcup, layout_rooms, serial_shops, shop, minivault_25,
          minmay_misc_feat_chi, kennysheep_generic_room_5
D:3:      layout_basic
D:4:      minmay_octagon_keep, layout_basic

Skill      XL: |  1  2  3  4  5  6 |
---------------+-------------------+-----
Stealth        | 3 4 5 |  5.8
Short Blades   | 1 2 3 |  3.0
Dodging        | 3 |  3.8
Fighting       | 1 |  1.5
Spellcasting   | 3 |  3.5
Summonings     | 5 |  5.2

Action                   |  1- 3 |  4- 6 |  7- 9 || total
-------------------------+-------+-------+-------++-------
Melee: Unarmed           |     9 |       |       ||     9
       Dagger            |    90 |   195 |    11 ||   296
       Punch             |       |     3 |       ||     3
 Cast: Summon Small Mamm |    10 |     4 |       ||    14
       Call Imp          |     3 |     7 |     1 ||    11
       Call Canine Famil |     1 |    11 |     1 ||    13
       Summon Guardian G |       |     1 |       ||     1
  Use: Scroll            |     2 |     3 |     1 ||     6
       Potion            |       |     4 |     3 ||     7
 Stab: Sleeping          |     8 |    14 |       ||    22
       Distracted        |     1 |       |       ||     1
Armor: Robe              |    18 |    22 |       ||    40
       Skin              |       |       |    13 ||    13
Dodge: Dodged            |    82 |   165 |     1 ||   248

Table legend: (Time is in decaauts)
 A = Elapsed time spent in this place.
 B = Non-inter-level travel time spent in this place.
 C = Inter-level travel time spent in this place.
 D = Time resting spent in this place.
 E = Time spent auto-exploring this place.
 F = Levels seen in this place.
 G = Mean time per level.
                   A        B        C        D        E       F      G
               +--------+--------+--------+--------+--------+-----+--------+
         Total |   3602 |   3455 |    147 |    114 |   2479 |   4 |  900.5 |
       Dungeon |   3602 |   3455 |    147 |    114 |   2479 |   4 |  900.5 |
               +--------+--------+--------+--------+--------+-----+--------+

Top non-repeatable levels by time:
     D:3: 1146 daAuts
     D:1: 1028 daAuts
     D:2: 977 daAuts
     D:4: 449 daAuts
